 Dungeon Crawl Stone Soup version 0.30-a0-2-gf48d83f5e2 (webtiles) character file.

Game seed: 13589641644888179293

4 melkoren the Chopper (level 1, -7/20 HPs)
             Began as a Minotaur Berserker on Aug 20, 2022.
             Was a Follower of Trog.
             Mangled by a kobold
             ... wielding a +0 whip of electrocution
              (8 damage)
             ... on level 1 of the Dungeon.
             The game lasted 00:00:22 (149 turns).

melkoren the Chopper (Minotaur Berserker)            Turns: 149, Time: 00:00:23

Health: -7/20      AC:  2    Str: 21    XL:     1   Next: 58%
Magic:  0/0        EV: 12    Int:  4    God:    Trog [*.....]
Gold:   8          SH:  0    Dex:  9    Spells: 0/0 levels left

rFire   . . .      SeeInvis .    a - +0 hand axe
rCold   . . .      Faith    .    (no shield)
rNeg    . . .      Spirit   .    b - +0 animal skin
rPois   .          Reflect  .    (helmet restricted)
rElec   .          Harm     .    (no cloak)
rCorr   .          Rampage  .    (no gloves)
Will    .....                    (no boots)
Stlth   +.........               (no amulet)
HPRegen 0.06/turn                (no ring)
MPRegen 0.07/turn                (no ring)

@: no status effects
A: horns 2, retaliatory headbutt
a: Renounce Religion, Berserk


You were on level 1 of the Dungeon.
You worshipped Trog.
Trog was aware of your devotion.
You visited 1 branch of the dungeon, and saw 1 of its levels.

You collected 8 gold pieces.


Innate Abilities, Weirdness & Mutations

You have a pair of horns on your head.
You reflexively headbutt those who attack you in melee.


   Skills:
 + Level 3.7 Fighting
 + Level 3.7 Axes
 + Level 2.6 Armour
 + Level 2.3 Dodging


You couldn't memorise any spells.
You didn't know any spells.
Your spell library was empty.

Inventory:

Hand Weapons
 a - a +0 hand axe (weapon)
Armour
 b - a +0 animal skin (worn)
Potions
 c - a potion of attraction {unknown}

Dungeon Overview and Level Annotations

Branches:
Dungeon (1/15) Zot: 5849

Altars:

..##.# #.##.# #.
#.##.# #.##)# #.
#.##.# #.##.#####.
#.##.###..........
#.#.#.##....######
#..###......######
#.#.#.............
#.##..#.#.#.#.#...
#@##.......###.. .
#K###.#.#.## #...


KK# #...... ... .... ....###. .. #.#.# ##### #. . #.#.# # #.#.# . ..# You could
see 3 kobolds.


Message History

You barely miss the goblin. You headbutt the goblin.
You kill the goblin!
Trog accepts your kill. 😎 HP[+1]
You now have 20 max hp (+1).
Your hp is fully restored (20).
No target in view!
No target in view!
No target in view!
No target in view!
No target in view!
No target in view!
No target in view!
No target in view!
No target in view!
No target in view!
No target in view!
No target in view!
No target in view!
No target in view!
No target in view!
No target in view!
No target in view!
Found a stone staircase leading down.
You now have 8 gold pieces.
Found an escape hatch in the floor.
A hobgoblin comes into view.
The hobgoblin shouts!
The hobgoblin moves out of view.
A hobgoblin is nearby!
A hobgoblin is nearby!
A hobgoblin is nearby!
A hobgoblin is nearby!
A goblin comes into view. It is wielding a +0 club.
The goblin shouts!
The hobgoblin hits you.
A rat comes into view. 😕 HP[-1]
You take 1 damage, and now have 19/20 hp.
You hit the hobgoblin. The hobgoblin closely misses you.
You closely miss the hobgoblin. Your headbutt misses the hobgoblin.
The hobgoblin hits you. 😮 HP[-4]
You take 4 damage, and now have 15/20 hp.
You are too injured to fight recklessly!
You are too injured to fight recklessly!
You are too injured to fight recklessly!
You are too injured to fight recklessly!
You are too injured to fight recklessly!
You are too injured to fight recklessly!
You are too injured to fight recklessly!
You are too injured to fight recklessly!
You are too injured to fight recklessly!
You are too injured to fight recklessly!
You are too injured to fight recklessly!
You are too injured to fight recklessly!
You are too injured to fight recklessly!
There are monsters nearby!
You are too injured to fight recklessly!
Unknown command.
You hit the hobgoblin. The hobgoblin misses you. You furiously retaliate!
You headbutt the hobgoblin.
You kill the hobgoblin!
Trog accepts your kill.
You hit the goblin.
You kill the goblin!
Trog accepts your kill. 😕 HP[+1]
The rat closely misses you. You furiously retaliate!
You headbutt the rat.
You kill the rat!
Trog accepts your kill.
Things that are here:
a +0 club; a goblin corpse; a hobgoblin corpse Key pressed, stopping explore.
c - an amethyst potion 😎 HP[+4]
Your hp is fully restored (20). 2 kobolds come into view.
The kobold shouts!
You hear a shout!
A kobold comes into view.
It is wielding a +0 whip of electrocution.
The kobold moves out of view.
There are monsters nearby!
There are monsters nearby!
There are monsters nearby!
There are monsters nearby!
The kobold throws a stone.
The stone barely misses you.
The kobold throws a stone.
The stone misses you.
You miss the kobold. The kobold closely misses you.
You closely miss the kobold. The kobold closely misses you.
You hit the kobold but do no damage. The kobold hits you but does no damage.
You are electrocuted!
Ouch! That really hurt!
* * * LOW HITPOINT WARNING * * *
😨 HP[-14]
You take 14 damage, and now have 6/20 hp.
MASSIVE DAMAGE!! (PAUSE)
You closely miss the kobold. The kobold closely misses you.
The kobold hits you with a +0 whip of electrocution.
* * * LOW HITPOINT WARNING * * *
You are electrocuted!
You die...

Action                   || total
-------------------------++-------
Melee: Hand axe          ||     9
       Headbutt          ||     1
Armor: Animal skin       ||     1
Dodge: Dodged            ||     8

Levels and vault maps discovered:
D:1:      dpeg_arrival_ratfight, layout_loops_ring, serial_shops,
          nicolae_shop_advertising_works [nicolae_subvault_shop_adworks],
          hellmonk_ecumenical_altar_arch_garden

Notes
Turn   | Place    | Note
-------+----------+-------------------------------------------
     0 | D:1      | melkoren the Minotaur Berserker began the quest for the
                  | Orb.
     0 | D:1      | Reached XP level 1. HP: 19/19 MP: 0/0
     0 | D:1      | magus.rc [v1.11.3]
   149 | D:1      | HP: 1/20 [kobold/+0 whip of electrocution (5)]
   149 | D:1      | Mangled by a kobold

Vanquished Creatures
  2 goblins (D:1)
  A hobgoblin (D:1)
  A rat (D:1)
4 creatures vanquished.

Table legend:
 A = Non-vault XP
 B = Vault XP
 C = Vault XP percentage of total XP
 D = Non-vault monster count
 E = Vault monster count
 F = Vault count percentage of total count
                 A         B        C        D         E       F
            +---------+---------+-------+---------+---------+-------
      Total |       7 |       0 |   0.0 |       4 |       0 |   0.0
            +---------+---------+-------+---------+---------+-------
        D:1 |       7 |       0 |   0.0 |       4 |       0 |   0.0
            +---------+---------+-------+---------+---------+-------

Illustrated notes

Table legend:
 A = Kills in this place as a percentage of kills in entire the game.
 B = Kills by you in this place as a percentage of kills by you in the entire game.
 C = Kills by friends in this place as a percentage of kills by friends in the entire game.
 D = Other kills in this place as a percentage of other kills in the entire game.
 E = Experience gained in this place as a percentage of experience gained in the entire game.
 F = Experience gained in this place divided by the number of levels of this place that you have seen.
                   A       B       C       D       E      F
               +-------+-------+-------+-------+-------+----------------------
         Total | 100.0 | 100.0 |   N/A |   N/A | 100.0 |   7.0
       Dungeon | 100.0 | 100.0 |   N/A |   N/A | 100.0 |   7.0
               +-------+-------+-------+-------+-------+----------------------

Table legend: (Time is in decaauts)
 A = Elapsed time spent in this place.
 B = Non-inter-level travel time spent in this place.
 C = Inter-level travel time spent in this place.
 D = Time resting spent in this place.
 E = Time spent auto-exploring this place.
 F = Levels seen in this place.
 G = Mean time per level.
                   A        B        C        D        E       F      G
               +--------+--------+--------+--------+--------+-----+--------+
         Total |    149 |    149 |      0 |      0 |    123 |   1 |  149.0 |
       Dungeon |    149 |    149 |      0 |      0 |    123 |   1 |  149.0 |
               +--------+--------+--------+--------+--------+-----+--------+

Top non-repeatable levels by time:
     D:1: 149 daAuts
